Map: Ulrena

Players

Olk (Erik) - Winner!

  • Race: Zerg Zerg

FunK

  • Race: Protoss Protoss
  • League: Master

Event: NationWars III

VOD

Have the link to the VOD?

Description

Time

  • Played on: Nov. 20, 2015, 1:44 p.m.
  • Length: 9:59
Show
View Real Time Build Order
Export as new Build Order

Olk Zerg - Winner!

Build Orders: Hatch First 

Get SALT Encoding   

  12  0:01  Drone  
  13  0:13  Overlord  
  13  0:17  Drone  
  14  0:32  Drone x2  
  16  0:50  Hatchery  
  16  0:53  Drone  
  16  0:56  Drone  
  17  1:01  Drone  
  18  1:04  Extractor  
  17  1:17  Spawning Pool  
  16  1:20  Drone  
  16  1:22  Drone  
  18  1:30  Drone  
  19  1:42  Overlord  
  19  2:03  Queen  
  19  2:04  Zergling x4, Queen  
  19  2:05  Zergling x2  
  26  2:11  Metabolic Boost  
  26  2:15  Drone  
  27  2:17  Drone  
  28  2:23  Drone  
  28  2:24  Drone  
  30  2:34  Overlord  
  30  2:35  Drone  
  31  2:47  Lair, Drone  
  31  2:49  Drone  
  33  2:55  Drone  
  34  3:00  Drone  
  34  3:05  Drone  
  34  3:07  Drone  
  36  3:14  Drone  
  36  3:17  Drone x4  
  36  3:18  Drone, Overlord  
  40  3:22  Extractor  
  40  3:24  Drone, Extractor  
  39  3:29  Spine Crawler  
  39  3:32  Drone  
  39  3:34  Zergling x2  
  40  3:39  Zergling x2  
  41  3:45  Zergling x2  
  42  3:50  Drone x2  
  42  3:51  Drone x3  
  42  3:53  Zergling x2  
  47  3:56  Drone x2  
  47  4:01  Spire  
  47  4:02  Extractor  
  46  4:03  Drone  
  46  4:06  Overseer  
  47  4:10  Zergling x2  
  47  4:16  Overlord  
  48  4:21  Hatchery  
  47  4:31  Drone x3  
  49  4:33  Overlord  
  49  4:34  Overlord  
  50  4:38  Overlord  
  50  5:08  Zergling x6  
  50  5:09  Zergling x4  
  55  5:14  Mutalisk  
  55  5:15  Mutalisk x5  
  67  5:25  Mutalisk x2  
  67  5:28  Overlord  
  70  5:34  Mutalisk  
  72  5:44  Mutalisk  
  72  5:47  Zergling x2  
  72  5:48  Zergling x12  
  74  6:00  Zergling x6  
  76  6:10  Zergling x2  
  76  6:11  Zergling x12  
  79  6:23  Zergling x6  
  74  6:27  Drone  
  74  6:28  Drone  
  73  6:32  Drone  
  73  6:37  Roach Warren  
  73  6:38  Queen  
  73  6:39  Evolution Chamber, Queen  
  75  6:42  Drone x7  
  82  6:47  Overlord  
  81  6:56  Overlord  
  81  7:00  Overlord  
  81  7:01  Zergling x2  
  81  7:02  Zergling x6  
  81  7:06  Zerg Melee Weapons Level 1  
  81  7:08  Drone x3  
  85  7:23  Glial Reconstitution  
  85  7:25  Overlord x2  
  85  7:30  Roach  
  85  7:31  Roach x3  
  93  7:38  Roach  
  93  7:39  Roach x4  
  103  7:47  Roach x2  
  102  8:00  Zergling x2  
  102  8:01  Zergling x2  
  102  8:05  Hatchery, Ravager x9  
  112  8:10  Hydralisk Den, Roach x6  
  123  8:18  Overlord  
  123  8:19  Overlord x2  
  123  8:28  Overlord x2  
  123  8:40  Ravager x6  
  129  8:44  Zergling x2  
  129  8:45  Zergling x6  
  132  9:00  Hatchery, Zergling x6  
  128  9:08  Zergling x12  
  127  9:14  Zergling x2  
  122  9:24  Zergling x6  
  112  9:30  Drone x2  
  115  9:37  Zergling x2  
  115  9:38  Zergling x2  
  108  9:41  Overseer  
  108  9:45  Drone x2  
Show
View Real Time Build Order
Export as new Build Order

FunK Protoss 

Build Orders: Nexus First, Zealot Archon 

Get SALT Encoding   

  12  0:01  Probe (Chrono Boost)  
  13  0:12  Probe (Chrono Boost)  
  14  0:20  Pylon  
  14  0:22  Probe (Chrono Boost)  
  15  0:38  Probe (Chrono Boost)  
  16  0:49  Probe (Chrono Boost)  
  17  0:59  Probe (Chrono Boost)  
  17  1:02  Nexus  
  18  1:10  Probe (Chrono Boost)  
  19  1:17  Gateway  
  19  1:20  Probe (Chrono Boost)  
  20  1:26  Assimilator  
  20  1:31  Probe (Chrono Boost)  
  21  1:37  Assimilator  
  21  1:41  Probe (Chrono Boost)  
  22  1:52  Probe (Chrono Boost), Pylon  
  23  1:57  Gateway  
  23  2:06  Cybernetics Core  
  23  2:11  Probe (Chrono Boost)  
  24  2:17  Probe (Chrono Boost)  
  24  2:21  Probe (Chrono Boost)  
  26  2:27  Probe (Chrono Boost)  
  27  2:32  Probe (Chrono Boost)  
  28  2:38  Probe (Chrono Boost)  
  28  2:41  Mothership Core (Chrono Boost)  
  34  3:01  Pylon  
  34  3:04  Adept (Chrono Boost)  
  34  3:05  Probe (Chrono Boost)  
  34  3:08  Adept (Chrono Boost)  
  34  3:10  Warp Gate  
  34  3:11  Probe (Chrono Boost)  
  36  3:16  Probe (Chrono Boost)  
  36  3:22  Probe (Chrono Boost)  
  38  3:27  Probe (Chrono Boost)  
  38  3:32  Sentry  
  38  3:33  Probe (Chrono Boost)  
  41  3:37  Probe (Chrono Boost)  
  44  3:41  Robotics Facility  
  44  3:44  Probe (Chrono Boost)  
  44  3:47  Pylon  
  44  3:48  Probe (Chrono Boost)  
  44  3:55  Probe (Chrono Boost)  
  45  3:58  Probe (Chrono Boost)  
  46  4:03  Assimilator  
  46  4:04  Assimilator  
  46  4:06  Probe (Chrono Boost)  
  46  4:09  Probe (Chrono Boost)  
  48  4:14  Pylon  
  48  4:16  Probe (Chrono Boost)  
  49  4:20  Probe (Chrono Boost)  
  50  4:26  Probe (Chrono Boost)  
  50  4:28  Warp Prism (Chrono Boost)  
  50  4:30  Probe  
  54  4:35  Twilight Council  
  54  4:36  Forge  
  54  4:38  Probe  
  55  4:42  Probe  
  56  4:48  Pylon  
  56  4:50  Probe  
  57  4:53  Pylon  
  57  4:54  Probe  
  59  5:00  Observer (Chrono Boost)  
  59  5:02  Probe  
  60  5:08  Protoss Ground Weapons Level 1 (Chrono Boost)  
  60  5:09  Gateway  
  60  5:10  Blink (Chrono Boost)  
  60  5:13  Gateway  
  60  5:17  Photon Cannon  
  60  5:21  Photon Cannon  
  60  5:27  Photon Cannon  
  60  5:29  Photon Cannon  
  60  5:31  Sentry x2  
  60  5:34  Probe x2  
  61  5:46  Probe  
  62  5:53  Probe  
  62  5:56  Adept x2  
  60  6:05  Probe x2  
  60  6:11  Stalker x2  
  65  6:15  Pylon  
  65  6:17  Probe, Adept x2  
  70  6:20  Probe  
  70  6:24  Templar Archives  
  67  6:35  Sentry, Stalker  
  67  6:39  Photon Cannon  
  63  6:42  Gateway  
  63  6:46  Stalker x2  
  67  6:50  Pylon  
  67  6:52  Pylon  
  67  7:00  Stalker  
  67  7:01  Stalker  
  65  7:04  Protoss Ground Weapons Level 2 (Chrono Boost)  
  65  7:10  Zealot x2  
  69  7:22  Mothership Core  
  69  7:23  Zealot  
  69  7:24  Zealot  
  73  7:32  High Templar  
  73  7:33  High Templar  
  77  7:38  Pylon  
  77  7:39  Archon  
  77  7:40  Gateway  
  74  7:48  Probe x2  
  69  7:54  Stalker x2  
  67  8:00  Probe  
  68  8:06  Photon Cannon  
  67  8:16  Probe x2  
  67  8:23  Adept x4  
  67  8:25  Stalker  
  77  8:28  Probe  
  77  8:29  Probe  
  79  8:39  Nexus  
  79  8:41  Probe x2  
  81  8:47  Pylon  
  81  8:53  Probe x2  
  70  9:03  Stalker  
  70  9:04  Stalker x3  
  78  9:10  Stalker  
  69  9:26  Robotics Bay  
  54  9:45  Adept x3  
Tags
 
Add a new tag
Caveats
  • Supply blocks, unpowered buildings, or Contaminate may cause inaccurate times.
  • Supply counts are checked every 10 seconds.